Workbook

Sheet 封面
U1: 总计
A3: 2022年单位预算表
F6: 单位名称： | K6: 安义县发展和改革委员会
F10: 编制日期： | I10: 44550
F13: 编制单位： | K13: 安义县发展和改革委员会
A17: 单位负责人签章： | G17: 财务负责人签章： | M17: 制表人签章：

Sheet 收支预算总表
A2: 收支预算总表
A3: 填报单位:[114001]安义县发展和改革委员会 | D3: 单位：万元
A4: 收 入 | C4: 支 出
A5: 项目 | B5: 预算数 | C5: 项目(按支出功能科目类级) | D5: 预算数
A6: 一、财政拨款 | B6: 495.9881 | C6: ='支出总表（引用）'!A8 -> 一般公共服务支出 | D6: 495.9881
A7: 一般公共预算拨款收入 | B7: 495.9881 | C7: ='支出总表（引用）'!A9 -> 0 | D7: ='支出总表（引用）'!B9 -> 0
A8: 专项收入 | C8: ='支出总表（引用）'!A10 -> 0 | D8: ='支出总表（引用）'!B10 -> 0
A9: 政府性基金预算拨款收入 | C9: ='支出总表（引用）'!A11 -> 0 | D9: ='支出总表（引用）'!B11 -> 0
A10: 预算内投资收入 | C10: ='支出总表（引用）'!A12 -> 0 | D10: ='支出总表（引用）'!B12 -> 0
A11: 二、事业收入 | C11: ='支出总表（引用）'!A13 -> 0 | D11: ='支出总表（引用）'!B13 -> 0
A12: 三、事业单位经营收入 | C12: ='支出总表（引用）'!A14 -> 0 | D12: ='支出总表（引用）'!B14 -> 0
A13: 四、其他收入 | C13: ='支出总表（引用）'!A15 -> 0 | D13: ='支出总表（引用）'!B15 -> 0
A14: 五、附属单位上缴收入 | C14: ='支出总表（引用）'!A16 -> 0 | D14: ='支出总表（引用）'!B16 -> 0
A15: 六、上级补助收入 | C15: ='支出总表（引用）'!A17 -> 0 | D15: ='支出总表（引用）'!B17 -> 0
C16: ='支出总表（引用）'!A18 -> 0 | D16: ='支出总表（引用）'!B18 -> 0
C17: ='支出总表（引用）'!A19 -> 0 | D17: ='支出总表（引用）'!B19 -> 0
C18: ='支出总表（引用）'!A20 -> 0 | D18: ='支出总表（引用）'!B20 -> 0
C19: ='支出总表（引用）'!A21 -> 0 | D19: ='支出总表（引用）'!B21 -> 0
C20: ='支出总表（引用）'!A22 -> 0 | D20: ='支出总表（引用）'!B22 -> 0
C21: ='支出总表（引用）'!A23 -> 0 | D21: ='支出总表（引用）'!B23 -> 0
C22: ='支出总表（引用）'!A24 -> 0 | D22: ='支出总表（引用）'!B24 -> 0
C23: ='支出总表（引用）'!A25 -> 0 | D23: ='支出总表（引用）'!B25 -> 0
C24: ='支出总表（引用）'!A26 -> 0 | D24: ='支出总表（引用）'!B26 -> 0
C25: ='支出总表（引用）'!A27 -> 0 | D25: ='支出总表（引用）'!B27 -> 0
C26: ='支出总表（引用）'!A28 -> 0 | D26: ='支出总表（引用）'!B28 -> 0
C27: ='支出总表（引用）'!A29 -> 0 | D27: ='支出总表（引用）'!B29 -> 0
... C48: ='支出总表（引用）'!A50 -> 0 | D48: ='支出总表（引用）'!B50 -> 0
A49: 本年收入合计 | B49: =SUM(B6,B11,B12,B13,B14,B15) -> 495.9881 | C49: 本年支出合计 | D49: 495.9881
A50: 七、用事业基金弥补收支差额 | C50: 结转下年
A51: 八、上年结转（结余）
A53: 收入总计 | B53: =SUM(B49,B50,B51) -> 495.9881 | C53: 支出总计 | D53: =B53 -> 495.9881

Sheet 单位 收入总表
A2: 单位收入总表
A3: 填报单位:[114001]安义县发展和改革委员会 | O3: 单位：万元
A4: 功能科目编码 | B4: 功能科目名称 | C4: 合计 | D4: 上年结转 | E4: 财政拨款 | J4: 事业收入 | K4: 事业单位经营收入 | L4: 其他收入 | M4: 附属单位上缴收入 | N4: 上级补助收入 | O4: 用事业基金弥补收支差额
E5: 小计 | F5: 一般公共预算拨款收入 | G5: 政府性基金预算拨款收入 | H5: 专项收入 | I5: 预算内投资收入
A6: ** | B6: ** | C6: 1 | D6: =C6+1 -> 2 | E6: =D6+1 -> 3 | F6: =E6+1 -> 4 | G6: =F6+1 -> 5 | H6: =G6+1 -> 6 | I6: =H6+1 -> 7 | J6: =I6+1 -> 8 | K6: =J6+1 -> 9 | ... O6: =N6+1 -> 13
B7: 合计 | C7: =E7 -> 495.9881 | E7: =F7 -> 495.9881 | F7: =F8 -> 495.9881
A8: 201 | B8: 一般公共服务支出 | C8: =E8 -> 495.9881 | E8: =F8 -> 495.9881 | F8: =F9 -> 495.9881
A9: 04 | B9: 发展与改革事务 | C9: =E9 -> 495.9881 | E9: =F9 -> 495.9881 | F9: =F10 -> 495.9881
A10: 2010401 | B10: 行政运行 | C10: =E10 -> 495.9881 | E10: =F10 -> 495.9881 | F10: 495.9881

Sheet 单位支出总表
A2: 单位支出总表
A3: 填报单位:[114001]安义县发展和改革委员会 | H3: 单位：万元
A4: 支出功能分类科目 | C4: 合计 | D4: 基本支出 | E4: 项目支出 | F4: 事业单位经营支出 | G4: 上缴上级支出 | H4: 对附属单位补助支出
A5: 科目编码 | B5: 科目名称
A6: ** | B6: ** | C6: 1 | D6: =C6+1 -> 2 | E6: =D6+1 -> 3 | F6: =E6+1 -> 4 | G6: =F6+1 -> 5 | H6: =G6+1 -> 6
B7: 合计 | C7: =D7 -> 495.9881 | D7: =D8 -> 495.9881
A8: 201 | B8: 一般公共服务支出 | C8: =D8 -> 495.9881 | D8: =D9 -> 495.9881
A9: 04 | B9: 发展与改革事务 | C9: =D9 -> 495.9881 | D9: =D10 -> 495.9881
A10: 2010401 | B10: 行政运行 | C10: =D10 -> 495.9881 | D10: 495.9881

Sheet 财拨收支总表
A2: 财政拨款收支总表
A3: 填报单位:[114001]安义县发展和改革委员会 | F3: 单位：万元
A4: 收 入 | C4: 支出
A5: 项目 | B5: 预算数 | C5: 项目(按支出功能科目类级) | D5: 合计 | E5: 一般公共预算支出 | F5: 政府性基金预算支出
A6: 一、财政拨款收入 | B6: 495.9881 | C6: 一、本年支出 | D6: 495.9881 | E6: 495.9881 | F6: ='财拨总表（引用）'!D7 -> 0
A7: 一般公共预算拨款收入 | B7: 495.9881 | C7: ='财拨总表（引用）'!A8 -> 一般公共服务支出 | D7: 495.9881 | E7: 495.9881 | F7: ='财拨总表（引用）'!D8 -> 0
A8: 专项收入 | C8: ='财拨总表（引用）'!A9 -> 0 | D8: ='财拨总表（引用）'!B9 -> 0 | E8: ='财拨总表（引用）'!C9 -> 0 | F8: ='财拨总表（引用）'!D9 -> 0
A9: 政府性基金预算拨款收入 | C9: ='财拨总表（引用）'!A10 -> 0 | D9: ='财拨总表（引用）'!B10 -> 0 | E9: ='财拨总表（引用）'!C10 -> 0 | F9: ='财拨总表（引用）'!D10 -> 0
A10: 预算内投资收入 | C10: ='财拨总表（引用）'!A11 -> 0 | D10: ='财拨总表（引用）'!B11 -> 0 | E10: ='财拨总表（引用）'!C11 -> 0 | F10: ='财拨总表（引用）'!D11 -> 0
C11: ='财拨总表（引用）'!A12 -> 0 | D11: ='财拨总表（引用）'!B12 -> 0 | E11: ='财拨总表（引用）'!C12 -> 0 | F11: ='财拨总表（引用）'!D12 -> 0
C12: ='财拨总表（引用）'!A13 -> 0 | D12: ='财拨总表（引用）'!B13 -> 0 | E12: ='财拨总表（引用）'!C13 -> 0 | F12: ='财拨总表（引用）'!D13 -> 0
C13: ='财拨总表（引用）'!A14 -> 0 | D13: ='财拨总表（引用）'!B14 -> 0 | E13: ='财拨总表（引用）'!C14 -> 0 | F13: ='财拨总表（引用）'!D14 -> 0
C14: ='财拨总表（引用）'!A15 -> 0 | D14: ='财拨总表（引用）'!B15 -> 0 | E14: ='财拨总表（引用）'!C15 -> 0 | F14: ='财拨总表（引用）'!D15 -> 0
C15: ='财拨总表（引用）'!A16 -> 0 | D15: ='财拨总表（引用）'!B16 -> 0 | E15: ='财拨总表（引用）'!C16 -> 0 | F15: ='财拨总表（引用）'!D16 -> 0
C16: ='财拨总表（引用）'!A17 -> 0 | D16: ='财拨总表（引用）'!B17 -> 0 | E16: ='财拨总表（引用）'!C17 -> 0 | F16: ='财拨总表（引用）'!D17 -> 0
C17: ='财拨总表（引用）'!A18 -> 0 | D17: ='财拨总表（引用）'!B18 -> 0 | E17: ='财拨总表（引用）'!C18 -> 0 | F17: ='财拨总表（引用）'!D18 -> 0
C18: ='财拨总表（引用）'!A19 -> 0 | D18: ='财拨总表（引用）'!B19 -> 0 | E18: ='财拨总表（引用）'!C19 -> 0 | F18: ='财拨总表（引用）'!D19 -> 0
C19: ='财拨总表（引用）'!A20 -> 0 | D19: ='财拨总表（引用）'!B20 -> 0 | E19: ='财拨总表（引用）'!C20 -> 0 | F19: ='财拨总表（引用）'!D20 -> 0
C20: ='财拨总表（引用）'!A21 -> 0 | D20: ='财拨总表（引用）'!B21 -> 0 | E20: ='财拨总表（引用）'!C21 -> 0 | F20: ='财拨总表（引用）'!D21 -> 0
C21: ='财拨总表（引用）'!A22 -> 0 | D21: ='财拨总表（引用）'!B22 -> 0 | E21: ='财拨总表（引用）'!C22 -> 0 | F21: ='财拨总表（引用）'!D22 -> 0
C22: ='财拨总表（引用）'!A23 -> 0 | D22: ='财拨总表（引用）'!B23 -> 0 | E22: ='财拨总表（引用）'!C23 -> 0 | F22: ='财拨总表（引用）'!D23 -> 0
... C48: ='财拨总表（引用）'!A49 -> 0 | D48: ='财拨总表（引用）'!B49 -> 0 | E48: ='财拨总表（引用）'!C49 -> 0 | F48: ='财拨总表（引用）'!D49 -> 0
A49: 二、上年结转 | C49: 二、结转下年
A50: 一般公共预算拨款结转
A51: 政府性基金预算拨款结转
A54: 收入总计 | B54: =B6 -> 495.9881 | C54: 支出总计 | D54: ='财拨总表（引用）'!B7 -> 495.9881 | E54: ='财拨总表（引用）'!C7 -> 495.9881 | F54: ='财拨总表（引用）'!D7 -> 0
AG84: 0
Z122: 0

Sheet 一般公共预算支出表
A2: 一般公共预算支出表
A3: 填报单位:[114001]安义县发展和改革委员会 | E3: 单位：万元
A4: 支出功能分类科目 | C4: 2022年预算数
A5: 科目编码 | B5: 科目名称 | C5: 合计 | D5: 基本支出 | E5: 项目支出
A6: ** | B6: ** | C6: 1 | D6: =C6+1 -> 2 | E6: =D6+1 -> 3
B7: 合计 | C7: =D7 -> 495.9881 | D7: =D8 -> 495.9881
A8: 201 | B8: 一般公共服务支出 | C8: =D8 -> 495.9881 | D8: =D9 -> 495.9881
A9: 04 | B9: 发展与改革事务 | C9: =D9 -> 495.9881 | D9: =D10 -> 495.9881
A10: 2010401 | B10: 行政运行 | C10: =D10 -> 495.9881 | D10: 495.9881

Sheet 一般公共预算基本支出表
A2: 一般公共预算基本支出表
A3: 填报单位:[114001]安义县发展和改革委员会 | E3: 单位：万元
A4: 支出经济分类科目 | C4: 2022年基本支出
A5: 科目编码 | B5: 科目名称 | C5: 合计 | D5: 人员经费 | E5: 公用经费
A6: ** | B6: ** | C6: 1 | D6: =C6+1 -> 2 | E6: =D6+1 -> 3
B7: 合计 | C7: 495.9881 | D7: =D8+D37 -> 324.1766 | E7: =E8+E23+E39 -> 171.8115
B8: 工资福利支出 | C8: 260.43 | D8: 260.4263 | E8: =E13+E22 -> 0
A9: 30101 | B9: 基本工资 | C9: =D9 -> 72.74 | D9: 72.74
A10: 30102 | B10: 津贴补贴 | C10: =D10 -> 40.71 | D10: 40.71
A11: 3010301 | B11: 年终一次性奖金 | C11: =D11 -> 6.06 | D11: 6.06
A12: 3010302 | B12: 其他奖金 | C12: =D12 -> 78.4518 | D12: 78.4518
A13: 30106 | B13: 伙食补助费 | C13: =E13 -> 0
A14: 30107 | B14: 绩效工资 | C14: =D14 -> 6.89 | D14: 6.89
A15: 30108 | B15: 机关事业单位基本养老保险缴费 | C15: =D15 -> 19.47 | D15: 19.47
A16: 30109 | B16: 职业年金缴费 | C16: =D16 -> 0.6 | D16: 0.6
A17: 30110 | B17: 职工基本医疗保险缴费 | C17: =D17 -> 10.1861 | D17: 10.1861
A18: 30111 | B18: 公务员医疗补助缴费 | C18: =D18 -> 10 | D18: 10
A19: 3011202 | B19: 工伤保险 | C19: =D19 -> 0.15 | D19: 0.15
A20: 3011203 | B20: 其他社会保障缴费 | C20: =D20 -> 0
A21: 30113 | B21: 住房公积金 | C21: =D21 -> 15.1684 | D21: 15.1684
A22: 30199 | B22: 其他工资福利支出 | C22: =E22 -> 0
B23: 商品和服务支出 | C23: =E23 -> 141.8115 | E23: 141.8115
A24: 30201 | B24: 办公费 | C24: =E24 -> 17.17 | E24: 17.17
A25: 30202 | B25: 印刷费 | C25: =E25 -> 27.58 | E25: 27.58
A26: 30203 | B26: 咨询费 | C26: =E26 -> 15 | E26: 15
A27: 30207 | B27: 邮电费 | C27: =E27 -> 0.68 | E27: 0.68
A28: 30208 | B28: 取暖费 | C28: =E28 -> 3.6 | E28: 3.6
A29: 30211 | B29: 差旅费 | C29: =E29 -> 18.88 | E29: 18.88
A30: 30215 | B30: 会议费 | C30: =E30 -> 6.71 | E30: 6.71
A31: 30216 | B31: 培训费 | C31: =E31 -> 2 | E31: 2
A32: 30217 | B32: 公务接待费 | C32: =E32 -> 5.4 | E32: 5.4
A33: 30226 | B33: 劳务费 | C33: =E33 -> 5 | E33: 5
A34: 30228 | B34: 工会经费 | C34: =E34 -> 4.09 | E34: 4.09
A35: 30229 | B35: 福利费 | C35: =E35 -> 4.47 | E35: 4.47
A36: 30299 | B36: 其他商品和服务支出 | C36: =E36 -> 31.2315 | E36: 31.2315
B37: 对个人和家庭的补助 | C37: =D37 -> 63.7503 | D37: 63.7503
A38: 3030203 | B38: 退休福利费 | C38: =D38 -> 63.7503 | D38: 63.7503
B39: 资本性支出 | C39: =E39 -> 30 | E39: =E40 -> 30
A40: 31002 | B40: 办公设备购置 | C40: 30 | E40: 30
A41: 31006 | B41: 大型修缮

Sheet 三公表
A2: 一般公共预算'三公'经费支出表
A3: 填报单位:[114001]安义县发展和改革委员会 | G3: 单位：万元
A4: 单位编码 | B4: 单位名称 | C4: 合计 | D4: 因公出国(境)费 | E4: 公务接待费 | F4: 公务用车运行维护费 | G4: 公务用车购置
A5: ** | B5: ** | C5: 1 | D5: =C5+1 -> 2 | E5: =D5+1 -> 3 | F5: =E5+1 -> 4 | G5: =F5+1 -> 5
B6: 合计 | C6: 5.4 | E6: 5.4
A7: 509 | B7: 安义县发展和改革委员会 | C7: 5.4 | E7: 5.4

Sheet 政府性基金
A2: 政府性基金预算支出表
A3: 填报单位:[114001]安义县发展和改革委员会 | E3: 单位：万元
A4: 支出功能分类科目 | C4: 2022年预算数
A5: 科目编码 | B5: 科目名称 | C5: 合计 | D5: 基本支出 | E5: 项目支出
A6: ** | B6: ** | C6: 1 | D6: =C6+1 -> 2 | E6: =D6+1 -> 3

Sheet 国有资本经营
A2: 国有资本经营预算支出表
A3: 填报单位:[114001]安义县发展和改革委员会 | E3: 单位：万元
A4: 支出功能分类科目 | C4: 2023年预算数
A5: 科目编码 | B5: 科目名称 | C5: 合计 | D5: 基本支出 | E5: 项目支出
A6: ** | B6: ** | C6: 1 | D6: =C6+1 -> 2 | E6: =D6+1 -> 3

Sheet 项目支出绩效
A1: 项目支出绩效目标表
A2: (2022年度)
A3: 项目名称 | C3: 发展规划与实施
A4: 主管部门 | C4: 安义县发展和改革委员会 | E4: 实施单位 | G4: 安义县发展和改革委员会
A5: 项目属性 | E5: 项目日期范围
A7: 项目资金 （万元） | C7: 年度资金总额 | E7: 35
C8: 其中：财政拨款 | E8: 35
C9: 其他资金
A10: 年度绩效目标
A11: 2022年发展规划与实施
A12: 一级指标 | B12: 二级指标 | C12: 三级指标 | G12: 指标值
A13: 产出指标 | B13: 数量 | C13: 1.国民经济计划 | G13: 10
C14: 2.规划评估 | G14: 10
B16: 质量 | C16: 1.国民经济计划 | G16: 10
C17: 2.规划评估 | G17: 10
B19: 时效 | C19: 年底完成 | G19: 10
B20: 成本 | C20: 完成率 | G20: 10
A21: 效益指标 | B21: 社会效益 | C21: 1.国民经济计划 | G21: 10
C22: 2.规划评估 | G22: 5
B23: 可持续影响 | C23: 社会满意度 | G23: 10
A24: 满意度 | B24: 满意度 | C24: 满意度 | G24: 15

Sheet 支出总表（引用）
A2: 支出预算总表
A4: 科目名称 | B4: 合计 | C4: 结转下年
A6: ** | B6: 1 | C6: 2
A7: 合计 | B7: 495.9881
A8: 一般公共服务支出 | B8: 495.9881

Sheet 财拨总表（引用）
A2: 财政拨款预算表
A4: 科目名称 | B4: 财政拨款 | C4: 一般公共预算支出 | D4: 政府性基金预算支出
A6: ** | B6: 1 | C6: 2 | D6: 3
B7: 495.9881 | C7: 495.9881
A8: 一般公共服务支出 | B8: 495.9881 | C8: 495.9881
